 Dungeon Crawl Stone Soup version 0.28-a0-697-g47f3eba078 (webtiles) character file.

Game seed: 11851632330462401342

158 Gargoyl the Skirmisher (level 5, -9/47 HPs)
             Began as a Gnoll Abyssal Knight on Oct 23, 2021.
             Was a Believer of Lugonu.
             Killed by nerve-wracking pain
             ... invoked by an orc priest
              (14 damage)
             ... on level 3 of the Dungeon.
             The game lasted 00:03:07 (2384 turns).

Gargoyl the Skirmisher (Gnoll Abyssal Knight)       Turns: 2384, Time: 00:03:08

Health: -9/47      AC: 13    Str: 14    XL:     5   Next: 40%
Magic:  8/8        EV:  7    Int:  9    God:    Lugonu [**....]
Gold:   112        SH:  0    Dex: 12    Spells: 6/6 levels left

rFire   . . .      SeeInvis +   b - +1 hand axe (drain)
rCold   . . .      Faith    .   (no shield)
rNeg    . . .      Spirit   .   c - +0 chain mail
rPois   .          Reflect  .   i - +0 helmet {SInv}
rElec   .          Harm     .   (no cloak)
rCorr   .          Rampage  .   (no gloves)
Will    .....                   f - +1 pair of boots
Stlth   ..........              h - amulet of the acrobat
HPRegen 0.15/turn               (no ring)
MPRegen 0.11/turn               (no ring)

@: no status effects
A: fangs 1, strong nose, distributed training
a: Renounce Religion, Depart the Abyss, Bend Space


You were on level 3 of the Dungeon.
You worshipped Lugonu.
Lugonu was pleased with you.
You visited 1 branch of the dungeon, and saw 3 of its levels.
You visited the Abyss 1 time.

You collected 112 gold pieces.

Inventory:

Hand Weapons
 a - a +1 hand axe
 b - a +1 hand axe of draining (weapon)
 d - a +0 war axe
Armour
 c - a +0 chain mail (worn)
 f - a +1 pair of boots (worn)
 i - a +0 helmet of see invisible (worn)
Jewellery
 h - an amulet of the acrobat (around neck)
Potions
 g - 2 potions of brilliance
 j - a potion of ambrosia {unknown}


   Skills:
 + Level 6.7 Fighting
 + Level 1.4 Short Blades
 + Level 1.4 Long Blades
 + Level 4.8 Axes
 + Level 1.4 Maces & Flails
 + Level 1.4 Polearms
 + Level 1.4 Staves
 + Level 1.4 Slings
 + Level 1.4 Bows
 + Level 1.4 Crossbows
 + Level 1.4 Throwing
 + Level 4.8 Armour
 + Level 3.0 Dodging
 + Level 1.4 Stealth
 + Level 1.4 Shields
 + Level 1.4 Unarmed Combat
 + Level 1.4 Spellcasting
 + Level 1.1 Conjurations
 + Level 1.1 Hexes
 + Level 1.1 Summonings
 + Level 1.1 Necromancy
 + Level 1.1 Translocations
 + Level 1.1 Transmutations
 + Level 1.1 Fire Magic
 + Level 1.1 Ice Magic
 + Level 1.1 Air Magic
 + Level 1.1 Earth Magic
 + Level 1.1 Poison Magic
 + Level 4.8 Invocations
 + Level 1.4 Evocations


You had 6 spell levels left.
You didn't know any spells.
Your spell library was empty.

Dungeon Overview and Level Annotations

Branches:
Dungeon (3/15)

Altars:
Okawaru


Innate Abilities, Weirdness & Mutations

You have very sharp teeth.
Your uncanny sense of smell can sniff out nearby items.
Your experience applies equally to all skills.


Message History

Your chain mail prevents you from hitting the orc priest.
The orc priest is lightly wounded.
The orc priest hits you but does no damage.
Your chain mail prevents you from hitting the orc priest.
The orc priest is lightly wounded.
The orc priest hits you but does no damage.
Unknown command.
You hit the orc priest.
The orc priest is moderately wounded.
The orc priest hits you with a +0 falchion.
Unknown command.
You hit the orc priest but do no damage.
The orc priest is moderately wounded.
The orc priest barely misses you.
You hit the orc priest but do no damage.
The orc priest is moderately wounded.
The orc priest invokes the aid of Beogh against you.
Pain shoots through your body!
* * * LOW HITPOINT WARNING * * *
Unknown command.
You feel better.
The orc priest casts a cantrip, but nothing happens.
You hit the orc priest. You drain the orc priest.
The orc priest is almost dead.
The orc priest closely misses you.
You barely miss the orc priest.
The orc priest is almost dead.
The orc priest hits you with a +0 falchion.
* * * LOW HITPOINT WARNING * * *
You hit the orc priest but do no damage.
The orc priest is almost dead.
The orc priest invokes the aid of Beogh against you.
You barely resist.
Unknown command.
You hit the orc priest but do no damage.
You drain the orc priest.
The orc priest is almost dead.
The orc priest mumbles some strange prayers to Beogh against you.
Pain shoots through your body!
You die...

................>.#.........
##...#........##.#.#.######..
#...####)######.#.# #.. #..
#.# # #)# #.. #.. #.# #.# #..
#.# .#.# #.. . #.# ....# #..
....##.####.....# ####..
.........)@o...... ......
.....####.##.....# ####..
..#. #.# ...## #.. # #.# ..#
#.. #.# .# #.. #.# # #.. #.#
#.. #$# #.. #.# #..


You could see an orc priest (drained).

Vanquished Creatures
  Robin (D:2)
  4 gnolls (D:3)
  2 adders
  2 worms
  A dart slug (D:1)
  3 orcs (D:3)
  6 ball pythons
  A bat (D:2)
  5 endoplasms
  3 giant cockroaches (D:1)
  14 goblins
  9 hobgoblins
  4 jackals (D:2)
  4 quokkas
  4 frilled lizards
  5 kobolds
  7 rats
75 creatures vanquished.

Vanquished Creatures (others)
  A deep elf archer (Abyss:2)
  7 bushes (Abyss:2)
  A plant (Abyss:2)
9 creatures vanquished.

Grand Total: 84 creatures vanquished

Notes
Turn   | Place    | Note
-------+----------+-------------------------------------------
     0 | Abyss:1  | Gargoyl the Gnoll Abyssal Knight began the quest for the
                  | Orb.
     0 | Abyss:1  | Reached XP level 1. HP: 23/23 MP: 3/3
   129 | Abyss:2  | Killed a deep elf archer
   130 | Abyss:2  | Found a corrupted altar of Lugonu.
   130 | Abyss:2  | Noticed a large abomination
   135 | Abyss:2  | Noticed a large abomination
   136 | D:1      | Escaped the Abyss
   234 | D:1      | Reached XP level 2. HP: 29/29 MP: 5/5
   522 | D:1      | Reached * piety under Lugonu
   604 | D:1      | Found a faded altar of an unknown god.
   740 | D:1      | Reached XP level 3. HP: 35/35 MP: 6/6
  1153 | D:2      | Reached skill level 1 in Short Blades
  1153 | D:2      | Reached skill level 1 in Long Blades
  1153 | D:2      | Reached skill level 1 in Maces & Flails
  1153 | D:2      | Reached skill level 1 in Polearms
  1153 | D:2      | Reached skill level 1 in Staves
  1153 | D:2      | Reached skill level 1 in Slings
  1153 | D:2      | Reached skill level 1 in Bows
  1153 | D:2      | Reached skill level 1 in Crossbows
  1153 | D:2      | Reached skill level 1 in Throwing
  1153 | D:2      | Reached skill level 1 in Stealth
  1153 | D:2      | Reached skill level 1 in Shields
  1153 | D:2      | Reached skill level 1 in Unarmed Combat
  1153 | D:2      | Reached skill level 1 in Spellcasting
  1153 | D:2      | Reached skill level 1 in Evocations
  1275 | D:2      | Reached XP level 4. HP: 33/41 MP: 7/7
  1518 | D:2      | Noticed Robin
  1524 | D:2      | Reached ** piety under Lugonu
  1530 | D:2      | Killed Robin
  1531 | D:2      | Reached skill level 1 in Conjurations
  1531 | D:2      | Reached skill level 1 in Hexes
  1531 | D:2      | Reached skill level 1 in Summonings
  1531 | D:2      | Reached skill level 1 in Necromancy
  1531 | D:2      | Reached skill level 1 in Translocations
  1531 | D:2      | Reached skill level 1 in Transmutations
  1531 | D:2      | Reached skill level 1 in Fire Magic
  1531 | D:2      | Reached skill level 1 in Ice Magic
  1531 | D:2      | Reached skill level 1 in Air Magic
  1531 | D:2      | Reached skill level 1 in Earth Magic
  1531 | D:2      | Reached skill level 1 in Poison Magic
  2133 | D:3      | Found an iron altar of Okawaru.
  2243 | D:3      | Reached XP level 5. HP: 42/47 MP: 8/8
  2384 | D:3      | Killed from afar by an orc priest

Illustrated notes

Levels and vault maps discovered:
D:1:      erik_arrival_triangle_medium, layout_loops_ring,
          hellmonk_ecumenical_altar_zigzags
D:2:      layout_basic, grunt_ministairs_3, uniq_robin
D:3:      layout_loops_ring, mainiacjoe_overflow_boulevard, minivault_23,
          kennysheep_generic_room_16, uniq_crazy_yiuf_cottage

Skill      XL: |  1  2  3  4  5 |
---------------+----------------+-----
Short Blades   | 1 |  1.4
Long Blades    | 1 |  1.4
Maces & Flails | 1 |  1.4
Polearms       | 1 |  1.4
Staves         | 1 |  1.4
Slings         | 1 |  1.4
Bows           | 1 |  1.4
Crossbows      | 1 |  1.4
Throwing       | 1 |  1.4
Stealth        | 1 |  1.4
Shields        | 1 |  1.4
Unarmed Combat | 1 |  1.4
Spellcasting   | 1 |  1.4
Evocations     | 1 |  1.4
Conjurations   | 1 |  1.1
Hexes          | 1 |  1.1
Summonings     | 1 |  1.1
Necromancy     | 1 |  1.1
Translocations | 1 |  1.1
Transmutations | 1 |  1.1
Fire Magic     | 1 |  1.1
Ice Magic      | 1 |  1.1
Air Magic      | 1 |  1.1
Earth Magic    | 1 |  1.1
Poison Magic   | 1 |  1.1
Dodging        | 3 |  3.0
Fighting       | |  6.7
Axes           | |  4.8
Armour         | |  4.8
Invocations    | |  4.8

Action                   |  1- 3 |  4- 6 || total
-------------------------+-------+-------++-------
Melee: Hand axe          |   102 |    82 ||   184
       Bite              |     2 |     5 ||     7
       Punch             |       |     1 ||     1
Invok: Depart the Abyss  |     1 |       ||     1
  Use: Scroll            |     3 |     2 ||     5
       Potion            |     1 |     1 ||     2
Armor: Chain mail        |    54 |    41 ||    95
Dodge: Dodged            |    29 |    49 ||    78

Table legend: (Time is in decaauts)
 A = Elapsed time spent in this place.
 B = Non-inter-level travel time spent in this place.
 C = Inter-level travel time spent in this place.
 D = Time resting spent in this place.
 E = Time spent auto-exploring this place.
 F = Levels seen in this place.
 G = Mean time per level.
                   A        B        C        D        E       F      G
               +--------+--------+--------+--------+--------+-----+--------+
         Total |   2396 |   2361 |     35 |      0 |   1813 |   5 |  479.2 |
       Dungeon |   2261 |   2226 |     35 |      0 |   1729 |   3 |  753.7 |
         Abyss |    135 |    135 |      0 |      0 |     84 |   2 |   67.5 |
               +--------+--------+--------+--------+--------+-----+--------+

Top non-repeatable levels by time:
     D:2: 1041 daAuts
     D:1: 918 daAuts
     D:3: 301 daAuts
 Abyss:2: 90 daAuts
 Abyss:1: 45 daAuts
